 Dungeon Crawl Stone Soup version 0.25-a0-398-g1920f1ac21 (webtiles) character file.

Game seed: 11786003873295634408, levelgen mode: deterministic

37457 ReteAZ the Fencer (level 14, -13/110 HPs)
             Began as a Human Fighter on Jan 8, 2020.
             Was an Elder of the Shining One.
             Killed from afar by an ogre mage (29 damage)
             ... with a bolt of fire
             ... on level 2 of the Orcish Mines.
             The game lasted 00:49:29 (17790 turns).

ReteAZ the Fencer (Human Fighter)                  Turns: 17790, Time: 00:49:30

Health: -13/110    AC: 19    Str: 21    XL:     14   Next: 29%
Magic:  17/17      EV: 11    Int:  8    God:    the Shining One [****..]
Gold:   862        SH: 16    Dex: 19    Spells: 13/13 levels left

rFire    . . .     SeeInvis .   C - +3 falchion (elec)
rCold    . . .     Gourm    .   c - +0 shield
rNeg     + + .     Faith    .   K - +0 plate armour
rPois    +         Spirit   .   Q - +0 helmet
rElec    .         Reflect  +   (no cloak)
rCorr    .         Harm     .   J - +1 pair of gloves {archery}
MR       ++...                  q - +0 pair of boots
Stlth    ..........             I - +4 amulet of reflection
HPRegen  0.28/turn              v - ring of protection from magic
MPRegen  0.15/turn              A - ring of poison resistance

@: agile, glowing
A: no striking features
a: Divine Shield, Cleansing Flame, Renounce Religion


You were on level 2 of the Orcish Mines.
You worshipped the Shining One.
The Shining One was greatly pleased with you.
You were not hungry.

You visited 4 branches of the dungeon, and saw 20 of its levels.

You collected 1303 gold pieces.
You spent 421 gold pieces at shops.
You donated 20 gold pieces to Zin.

Inventory:

Hand Weapons
 z - a +2 falchion of holy wrath
 C - a +3 falchion of electrocution (weapon)
 T - a +0 falchion of electrocution
Missiles
 d - 15 boomerangs
 m - 16 javelins (quivered)
Armour
 c - a +0 shield (worn)
 q - a +0 pair of boots (worn)
 J - a +1 pair of gloves of archery (worn)
 K - a +0 plate armour (worn)
 Q - a +0 helmet (worn)
 V - the +1 ring mail of Duck's Teeth {*Corrode +Fly rElec rF+}
   (You found it on level 11 of the Dungeon)

   It protects you from fire.
   It insulates you from electricity.
   It lets you fly.
   It may corrode you when you take damage.
Jewellery
 v - a ring of protection from magic (left hand)
 A - a ring of poison resistance (right hand)
 B - an uncursed ring of see invisible
 I - a +4 amulet of reflection (around neck)
 P - an uncursed amulet of the gourmand {unknown}
 W - an uncursed ring of protection from cold
Wands
 a - a wand of iceblast (5)
 k - a wand of scattershot (5)
 l - a wand of paralysis (2)
 H - a wand of acid (7)
 O - a wand of digging (1)
 Y - a wand of polymorph (7)
Scrolls
 b - a scroll of fear
 e - 10 scrolls of remove curse
 h - 6 scrolls of identify
 s - 2 scrolls of magic mapping
 t - a scroll of amnesia
 w - 4 scrolls of fog
 G - 2 scrolls of teleportation
 R - 2 scrolls of enchant weapon
 U - a scroll of summoning
 X - a scroll of vulnerability {unknown}
Potions
 g - 2 potions of resistance
 i - 2 potions of curing
 j - 3 potions of brilliance
 n - a potion of heal wounds
 o - 2 potions of invisibility
 p - 3 potions of haste
 r - 2 potions of lignification {unknown}
 u - a potion of cancellation {unknown}
 x - a potion of ambrosia
 D - a potion of mutation {unknown}
 E - 5 potions of flight
 L - 3 potions of degeneration {unknown}
 M - 4 potions of magic
 N - a potion of agility
 S - a potion of berserk rage {unknown}
Comestibles
 f - 39 rations
 F - 9 chunks of flesh


   Skills:
 + Level 10.0 Fighting
 + Level 15.2 Long Blades
 + Level 10.0 Armour
 + Level 10.0 Shields
 - Level 5.0 Invocations
 - Level 5.0 Evocations


You had 13 spell levels left.
You didn't know any spells.
Your spell library contained the following spells:

 Spells                   Type           Power        Failure   Level  Hunger
 Animate Skeleton         Necr           N/A          100%        1    ##.....
 Magic Dart               Conj           #...         100%        1    ##.....
 Pain                     Necr           #...         100%        1    ##.....
 Sting                    Tmut/Pois      #...         100%        1    ##.....
 Blink                    Tloc           N/A          100%        2    ###....
 Call Imp                 Summ           #.......     100%        2    ###....
 Poisonous Vapours        Pois/Air       #.....       100%        2    ###....
 Slow                     Hex            #.......     100%        2    ###....
 Conjure Flame            Conj/Fire      #.......     100%        3    ####...
 Ignite Poison            Fire/Tmut/Pois #.......     100%        3    ####...
 Mephitic Cloud           Conj/Pois/Air  #.......     100%        3    ####...
 Recall                   Summ/Tloc      N/A          100%        3    ####...
 Vampiric Draining        Necr           #.........   100%        3    ####...
 Animate Dead             Necr           N/A          100%        4    #####..
 Ice Form                 Ice/Tmut       #.......     100%        4    #####..
 Olgreb's Toxic Radiance  Pois           #.......     100%        4    #####..
 Sticky Flame             Conj/Fire      #.......     100%        4    #####..
 Agony                    Necr           #.......     100%        5    ######.
 Aura of Abjuration       Summ           #.........   100%        5    ######.
 Metabolic Englaciation   Hex/Ice        #.........   100%        5    ######.
 Summon Demon             Summ           #.........   100%        5    ######.
 Summon Forest            Summ/Tloc      #.........   100%        5    ######.
 Summon Mana Viper        Hex/Summ       #.......     100%        5    ######.
 Conjure Ball Lightning   Conj/Air       #.........   100%        6    #######
 Freezing Cloud           Conj/Ice/Air   #.........   100%        6    #######
 Ozocubu's Refrigeration  Ice            #.........   100%        6    #######
 Shadow Creatures         Summ           N/A          100%        6    #######
 Simulacrum               Ice/Necr       #.........   100%        6    #######


Dungeon Overview and Level Annotations

Branches:
Dungeon (11/15)            Temple (1/1) D:6            Lair (6/6) D:10
  Snake (0/4) Lair:2        Slime (0/5) Lair:5          Orc (2/2) D:11
  Swamp: Lair:2-4    Shoals: Lair:2-4       Elf: Orc:2

Altars:
Ashenzari
Cheibriados
Dithmenos
Elyvilon
Fedhas
Gozag
Hepliaklqana
Kikubaaqudgha
Makhleb
Nemelex Xobeh
Okawaru
Qazlal
Ru
Sif Muna
Trog
Uskayaw
Vehumet
Wu Jian
Xom
Yredelemnul
Zin
The Shining One
Jiyva

Shops:
D:6 [*%   D:11 (

Annotations:
D:11 3 runed translucent doors, pantherbaby's ghost, journeyman FoFi
Lair:1 exclusion: oklob plant


Message History

The two-headed ogre is almost dead.
The two-headed ogre hits you with a +0 giant spiked club.
The two-headed ogre hits you but does no damage.
You hit the two-headed ogre.
Lightning courses through the two-headed ogre!
You kill the two-headed ogre!
The ogre mage hits you.
Items here: )))))))) [[ ÷÷ † You hit the ogre mage.
The ogre mage is moderately wounded.
You hit the ogre mage.
The ogre mage is heavily wounded.
The ogre mage gestures at you while chanting.
The crystal spear hits you!!!
* * * LOW HITPOINT WARNING * * *
You hit the ogre mage.
The ogre mage is heavily wounded.
The ogre mage points at you and mumbles some strange words.
The bolt of fire hits you!!
You die...

...........##...#
...........###.##
............####
## .............##
##.#
....O.........#
##.#
.....).)))#..##
##.##
..........####
##)## .......))).#
##)## ........))##
##@##
..#.#).).)#####O##
#####)#.)#..##.##
#.....).)....#
##.#......#.##
####......##
##....## ##.###
#...#


You could see an ogre mage.

Vanquished Creatures
  Gastronok (D:10)
  Josephine (D:11)
  2 ogre magi (Orc:2)
  A catoblepas (D:11)
  11 two-headed ogres
  Pikel (D:9)
  2 ugly things (D:11)
  A cyclops (D:11)
  A manticore (D:11)
  2 black mambas
  3 elephants (Lair:5)
  A gargoyle (D:11)
  3 spiny frogs
  2 rime drakes
  A queen bee (Lair:1)
  A troll (D:11)
  2 hippogriffs
  Prince Ribbit (D:5)
  7 dream sheep (Lair:5)
  3 wraiths (D:11)
  A shadow (D:11)
  23 yaks
  2 basilisks
  A human (D:8)
  4 hogs (D:8)
  10 porcupines
  A warg (Orc:2)
  18 water moccasins
  6 orc warriors
  An ice beast (D:10)
  3 sky beasts
  2 black bears
  A necrophage (D:10)
  2 phantoms
  2 eyes of draining (D:6)
  12 wolves
  24 ogres
  14 crocodiles
  5 centaurs
  2 big kobolds
  13 bullfrogs
  A wyvern skeleton (D:10)
  3 scorpions
  32 killer bees
  4 wights (D:6)
  10 howler monkeys
  5 crimson imps
  A quasit (D:8)
  2 bullfrog skeletons
  2 centaur skeletons
  7 hounds
  6 orc priests
  5 iguanas
  9 orc wizards
  4 worker ants
  A hound zombie (D:8)
  2 hound skeletons
  Robin (D:2)
  3 gnolls (D:8)
  12 adders
  3 shadow imps
  3 adder zombies
  An adder skeleton (D:5)
  3 worms
  A dart slug (D:2)
  4 leopard geckos
  38 orcs
  4 ball pythons
  8 giant cockroaches
  10 hobgoblins
  9 jackals
  3 quokkas
  6 bats
  4 frilled lizards
  11 goblins
  21 kobolds
  9 rats
  A spectral orc (D:7)
  A fungus (Lair:5)
  2 plants
446 creatures vanquished.

Vanquished Creatures (others)
  2 slaves (D:9)
  A big kobold (D:9)
  A scorpion (D:9)
  A crimson imp (D:9)
  2 worker ants (D:9)
  3 kobolds (D:9)
  6 fungi
  7 plants
23 creatures vanquished.

Grand Total: 469 creatures vanquished

Notes
Turn   | Place    | Note
-------+----------+-------------------------------------------
     0 | D:1      | ReteAZ the Human Fighter began the quest for the Orb.
     0 | D:1      | Reached XP level 1. HP: 18/18 MP: 1/1
   104 | D:1      | Reached XP level 2. HP: 24/24 MP: 2/2
   468 | D:1      | Reached XP level 3. HP: 25/29 MP: 3/3
  1133 | D:2      | Found an ornate altar of the Wu Jian Council.
  1237 | D:2      | Found a burning altar of Makhleb.
  1237 | D:2      | Found a glowing silver altar of Zin.
  1238 | D:2      | Noticed an angel
  1238 | D:2      | Noticed a cacodemon
  1241 | D:2      | Reached XP level 4. HP: 32/35 MP: 4/4
  1249 | D:2      | Became a worshipper of Zin the Law-Giver
  1369 | D:2      | Reached skill level 3 in Long Blades
  1468 | D:2      | Reached * piety under Zin
  1523 | D:2      | Noticed Robin
  1530 | D:2      | Killed Robin
  1535 | D:2      | Found a faded altar of an unknown god.
  2042 | D:3      | Reached XP level 5. HP: 25/41 MP: 5/5
  2612 | D:4      | Reached skill level 4 in Long Blades
  2612 | D:4      | Reached XP level 6. HP: 48/48 MP: 6/6
  3125 | D:5      | Entered Level 5 of the Dungeon
  3242 | D:5      | Reached skill level 5 in Long Blades
  3242 | D:5      | Reached XP level 7. HP: 49/54 MP: 7/7
  3656 | D:5      | Reached ** piety under Zin
  3826 | D:5      | Noticed Prince Ribbit
  3837 | D:5      | Killed Prince Ribbit
  3837 | D:5      | Reached skill level 6 in Long Blades
  3881 | D:5      | Reached skill level 7 in Long Blades
  3881 | D:5      | Reached XP level 8. HP: 59/60 MP: 8/8
  4316 | D:6      | Reached skill level 8 in Long Blades
  4331 | D:6      | Found a staircase to the Ecumenical Temple.
  4340 | Temple   | Entered the Ecumenical Temple
  4428 | Temple   | Fell from the grace of Zin
  4428 | Temple   | Became a worshipper of the Shining One
  4428 | Temple   | Reached * piety under the Shining One
  5220 | D:7      | Found a stormy altar of Qazlal.
  5258 | D:7      | Found a basalt altar of Yredelemnul.
  5292 | D:7      | Reached skill level 9 in Long Blades
  5488 | D:6      | Reached XP level 9. HP: 65/65 MP: 9/9
  5610 | D:6      | Found Wuleidd's Antique Armour Boutique.
  5613 | D:6      | Bought a pair of embroidered gloves for 157 gold pieces
  5673 | D:5      | Reached skill level 10 in Long Blades
  5978 | D:6      | Found a bloodstained altar of Trog.
  6118 | D:6      | Found Ukluklei's General Store.
  6125 | D:6      | Reached skill level 11 in Long Blades
  6130 | D:6      | Found Ulelej's Food Shoppe.
  6542 | D:8      | Reached ** piety under the Shining One
  6773 | D:8      | Found an ancient bone altar of Kikubaaqudgha.
  6844 | D:8      | Reached skill level 12 in Long Blades
  6844 | D:8      | Reached XP level 10. HP: 71/71 MP: 10/10
  7191 | D:8      | Noticed a two-headed ogre
  7377 | D:6      | Found a shadowy altar of Dithmenos.
  7583 | D:8      | Reached skill level 13 in Long Blades
  7662 | D:8      | Killed a two-headed ogre
  8158 | D:9      | Noticed Pikel
  8165 | D:9      | Reached skill level 14 in Long Blades
  8172 | D:9      | Killed Pikel
  8172 | D:9      | Reached XP level 11. HP: 70/78 MP: 11/11
  8436 | D:9      | Reached skill level 5 in Fighting
  8436 | D:9      | Reached skill level 5 in Shields
  8585 | D:9      | Reached skill level 5 in Armour
  8616 | D:9      | Identified the Almanac of Conjuration and Creation
  8660 | D:10     | Entered Level 10 of the Dungeon
  8968 | D:10     | Found a staircase to the Lair.
  8971 | D:10     | Noticed Gastronok
  9436 | D:10     | Reached *** piety under the Shining One
  9777 | D:10     | Noticed a two-headed ogre
  9791 | D:10     | Killed a two-headed ogre
 10145 | D:10     | Killed Gastronok
 10591 | D:11     | Reached XP level 12. HP: 91/91 MP: 12/12
 10644 | D:11     | Found a runed translucent gate.
 10644 | D:11     | Found a runed translucent gate.
 10644 | D:11     | Found a runed translucent gate.
 10646 | D:11     | Noticed pantherbaby's ghost (journeyman FoFi)
 10673 | D:11     | Found a staircase to the Orcish Mines.
 11058 | D:11     | Noticed a catoblepas
 11074 | D:11     | Noticed a seven-headed hydra
 11075 | D:11     | Killed a catoblepas
 11169 | Lair:1   | Entered Level 1 of the Lair of Beasts
 11182 | Lair:1   | Found an ancient bone altar of Kikubaaqudgha.
 11182 | Lair:1   | Reached **** piety under the Shining One
 11200 | Lair:1   | You fall into a shaft and drop 1 floor!
 11240 | Lair:2   | Found a staircase to the Snake Pit.
 11556 | Lair:2   | Noticed a five-headed hydra
 12635 | Lair:2   | You fall into a shaft and drop 2 floors!
 13443 | Lair:3   | Noticed a seven-headed hydra
 13566 | Lair:4   | Reached XP level 13. HP: 100/101 MP: 13/13
 13932 | Lair:4   | You fall into a shaft and drop 1 floor!
 14240 | Lair:5   | Found a viscous altar of Jiyva.
 14260 | Lair:5   | You fall into a shaft and drop 1 floor!
 14260 | Lair:6   | Entered Level 6 of the Lair of Beasts
 14331 | Lair:5   | You fall into a shaft and drop 1 floor!
 14621 | Lair:5   | Found a staircase to the Slime Pits.
 15378 | Lair:3   | Reached skill level 10 in Armour
 15448 | Lair:3   | Noticed a four-headed hydra
 15707 | D:6      | Bought a wand of acid (7) for 264 gold pieces
 15862 | D:11     | Reached skill level 10 in Shields
 15868 | D:11     | Got a brightly glowing ring mail
 15879 | D:11     | Identified the +1 ring mail of Duck's Teeth {*Corrode +Fly
                  | rElec rF+} (You found it on level 11 of the Dungeon)
 15906 | D:11     | Found Deizofac's Antique Weapon Shop.
 15912 | D:11     | Reached skill level 10 in Fighting
 15965 | D:11     | Reached skill level 1 in Invocations
 16060 | D:11     | Reached skill level 1 in Evocations
 16204 | D:11     | Noticed Josephine
 16214 | D:11     | Killed Josephine
 16641 | Orc:1    | Entered Level 1 of the Orcish Mines
 16777 | Orc:2    | Entered Level 2 of the Orcish Mines
 16777 | Orc:2    | Noticed an orc warlord
 16915 | Orc:2    | Noticed an ogre mage
 16944 | Orc:2    | Killed an ogre mage
 17228 | Orc:2    | Reached XP level 14. HP: 105/110 MP: 12/17
 17320 | Orc:2    | Reached skill level 15 in Long Blades
 17590 | Orc:2    | Reached skill level 5 in Invocations
 17710 | Orc:2    | Reached skill level 5 in Evocations
 17790 | Orc:2    | Killed from afar by an ogre mage

Levels and vault maps discovered:
D:1:      saegor_arrival_simple_a, layout_basic
D:2:      layout_basic, grunt_temple_overflow_order_and_chaos_2,
          nicolae_overflow_crystal_walls, chequers_ecumenical_altar_twisty,
          uniq_robin
D:3:      layout_loops_ring, first_ration
D:4:      layout_loops_ring
D:5:      layout_basic, uniq_prince_ribbit1
D:6:      layout_rooms, trog_eyes_of_draining, marbit_many_paths,
          minmay_temple_entry_mist, serial_shops, nicolae_shop_trees,
          kennysheep_mini_moat, nicolae_shop_behind_doors,
          hangedman_decor_points
D:7:      layout_loops_ring, yredelemnul_forgotten_temple_becter,
          kennysheep_mini
D:8:      layout_basic, lemuel_crystal_altar, grunt_livestock,
          palyth_stone_intersect, lightli_orcish_oven
D:9:      layout_rooms, uniq_pikel
D:10:     layout_layer_cave, minmay_lair_entry_grove, uniq_gastronok
D:11:     layout_basic, orc_0_dummy, gammafunk_ghost_nasty_kobolds,
          serial_shops, nicolae_shop_temple_entry_statues_fountains,
          uniq_josephine
Temple:   nicolae_temple_great_sept
Lair:1:   layout_cave_pods, special_room [special_room_bee], lemuel_oklob_altar
Lair:2:   layout_small_grid, elwin_shoals_entry_stream,
          minmay_snake_entry_six_corridors
Lair:3:   layout_cave_pods, uniq_sonja
Lair:4:   layout_regular_city
Lair:5:   layout_loops_ring, slime_altar_1, grunt_forest_stairs_basic
Lair:6:   due_jungle_book, layout_regular_city,
          eino_small_chamber_without_monster
Orc:1:    layout_diamond_mine, serial_shops, shop, uniq_jorgrun
Orc:2:    st_orc_ogre_mass, layout_caves, basic_altar

Skill      XL: |  1  2  3  4  5  6  7  8  9 10 11 12 13 14 |
---------------+-------------------------------------------+-----
Long Blades    | 3 4 5 7 9 12 14 15 | 15.2
Fighting       | 4 7 9 10 | 10.0
Armour         | 4 7 9 10 | 10.0
Shields        | 4 7 9 10 | 10.0
Invocations    | 4 5 |  5.0
Evocations     | 3 5 |  5.0

Action                   |  1- 3 |  4- 6 |  7- 9 | 10-12 | 13-15 || total
-------------------------+-------+-------+-------+-------+-------++-------
Melee: Long sword        |    96 |   165 |       |       |       ||   261
       Falchion          |       |    16 |   249 |   663 |   463 ||  1391
       Unarmed           |       |       |       |     1 |     7 ||     8
Throw: Javelin           |       |       |     4 |    17 |    17 ||    38
Invok: Divine Shield     |       |       |       |     2 |     5 ||     7
Evoke: Wand              |       |       |       |     8 |     5 ||    13
  Use: Potion            |       |     1 |     4 |     4 |     4 ||    13
       Scroll            |       |       |     1 |    17 |     3 ||    21
  Eat: Chunk             |     1 |     7 |     8 |    18 |    11 ||    45
       Ration            |       |       |     1 |     1 |     1 ||     3
Armor: Scale mail        |    54 |    78 |       |       |       ||   132
       Ring mail         |       |       |     3 |       |       ||     3
       Chain mail        |       |       |    47 |       |       ||    47
       Plate armour      |       |       |    35 |   219 |    90 ||   344
       Skin              |       |       |       |       |     1 ||     1
Dodge: Dodged            |    30 |    52 |    35 |    74 |    40 ||   231
Block: Shield            |    44 |    98 |    75 |   381 |   274 ||   872
       Reflection        |       |       |       |     2 |     6 ||     8
       Rpst.: Long sword |    11 |    17 |       |       |       ||    28
       Falchion          |       |     1 |     9 |    25 |     8 ||    43

Table legend:
 A = Non-vault XP
 B = Vault XP
 C = Vault XP percentage of total XP
 D = Non-vault monster count
 E = Vault monster count
 F = Vault count percentage of total count
                 A         B        C        D         E       F
            +---------+---------+-------+---------+---------+-------
      Total |   30503 |   23007 |  43.0 |     343 |     100 |  22.6
            +---------+---------+-------+---------+---------+-------
        D:1 |      43 |       0 |   0.0 |      26 |       0 |   0.0
        D:2 |      40 |      19 |  32.2 |      15 |       3 |  16.7
        D:3 |     144 |       0 |   0.0 |      29 |       0 |   0.0
        D:4 |     211 |       0 |   0.0 |       8 |       0 |   0.0
        D:5 |     710 |     268 |  27.4 |      22 |       1 |   4.3
        D:6 |    1020 |     485 |  32.2 |      23 |       4 |  14.8
        D:7 |     710 |       1 |   0.1 |      18 |       1 |   5.3
        D:8 |    2206 |    1131 |  33.9 |      34 |      11 |  24.4
        D:9 |    1132 |    1198 |  51.4 |      19 |       5 |  20.8
       D:10 |    2059 |    3293 |  61.5 |      18 |      10 |  35.7
       D:11 |    5724 |    1703 |  22.9 |      36 |       4 |  10.0
     Lair:1 |     142 |    1170 |  89.2 |       1 |      15 |  93.8
     Lair:2 |    1634 |    1581 |  49.2 |      11 |      18 |  62.1
     Lair:3 |    1485 |       0 |   0.0 |       8 |       0 |   0.0
     Lair:4 |    5600 |       0 |   0.0 |      32 |       0 |   0.0
     Lair:5 |    5914 |       0 |   0.0 |      25 |       0 |   0.0
     Lair:6 |     977 |       0 |   0.0 |       3 |       0 |   0.0
      Orc:1 |     118 |       0 |   0.0 |       1 |       0 |   0.0
      Orc:2 |     634 |   12158 |  95.0 |      14 |      28 |  66.7
            +---------+---------+-------+---------+---------+-------
